cohdb
Replays
Latest Replays
All Replays
Popular Replays
Top Player Replays
Match Explorer
How It Works
Community
CoH3 Stats
Reddit
Sign in to upload your games and track your stats! →
Sign in with Steam
Match 45924265
Unlisted
Match 45924265
Overview
Messages
Build Orders
End
Panzerpioneer Squad
Selects Panzerjäger Kommand Battlegroup
Panzerpioneer Squad
250 Light Carrier
Construct Light Support Kompanie
Combat Half-tracks
Assault Grenadier Squad
Selects GrB 39 Grenade Launcher Requisition
Construct Mechanized Kompanie
Support Armor Elements
Panzerjäger Mechanized Group
Vehicle Survival Package
2.5-tonne Medical Truck
StuG III D Assault Gun
Rapid Advance
Emergency Repair Kits
Marder III Tank Destroyer
Selects Crew Shock Tactics
Assault Mechanized Group
Selects Anti-tank Overwatch
Lemon
Nostalgi@
0
0
Comments
sign in to comment!
No comments posted yet!